 Dungeon Crawl Stone Soup version 0.29-a0-284-gf9362112df (webtiles) character file.

Game seed: 705580230774496250

408 sylnyx the Skirmisher (level 6, -3/48 HPs)
             Began as a Demonspawn Fighter on Mar 26, 2022.
             Was an Initiate of Jiyva.
             Shot with an arrow by a centaur (7 damage)
             ... on level 6 of the Dungeon.
             The game lasted 00:15:32 (4650 turns).

sylnyx the Skirmisher (Demonspawn Fighter)          Turns: 4650, Time: 00:15:33

Health: -3/48      AC: 13    Str: 19    XL:     6   Next: 57%
Magic:  6/6        EV:  5    Int:  9    God:    Jiyva [......]
Gold:   188        SH:  5    Dex: 16    Spells: 5/5 levels left

rFire   . . .      SeeInvis .   a - +0 rapier
rCold   . . .      Faith    .   c - +0 buckler
rNeg    . . .      Spirit   .   o - +0 plate armour
rPois   .          Reflect  .   r - +0 helmet
rElec   .          Harm     .   (no cloak)
rCorr   .          Rampage  .   t - +0 pair of gloves
Will    .....                   (no boots)
Stlth   ..........              (no amulet)
HPRegen 0.16/turn               (no ring)
MPRegen 0.10/turn               (no ring)

@: no status effects
A: hooves 1, thin skeletal structure 2
a: Renounce Religion


You were on level 6 of the Dungeon.
You worshipped Jiyva.
Jiyva was noncommittal.
You visited 2 branches of the dungeon, and saw 6 of its levels.

You collected 188 gold pieces.

Inventory:

Hand Weapons
 a - a +0 rapier (weapon)
 q - a +0 vorpal hand axe
 u - a +0 arbalest
 x - a +2 morningstar of protection
Armour
 b - a +0 scale mail
 c - a +0 buckler (worn)
 o - a +0 plate armour (worn)
 r - a +0 helmet (worn)
 t - a +0 pair of gloves (worn)
Jewellery
 w - a ring of ice
 y - a +6 ring of intelligence
Wands
 j - a wand of iceblast (8)
Scrolls
 e - 2 scrolls of noise {unknown}
 h - 2 scrolls of fog {unknown}
 i - a scroll of amnesia {unknown}
 k - 2 scrolls of teleportation {unknown}
 v - a scroll of enchant armour {unknown}
Potions
 d - a potion of might
 f - 3 potions of curing
 g - a potion of brilliance {unknown}
 l - 2 potions of resistance
 m - a potion of attraction {unknown}
 n - a potion of lignification {unknown}
 p - a potion of invisibility {unknown}
 s - 2 potions of ambrosia
 z - a potion of heal wounds {unknown}


   Skills:
 + Level 4.3 Fighting
 - Level 1.7(3.1) Short Blades
 + Level 4.0(4.2) Long Blades
 + Level 3.3 Armour
 - Level 4.0 Shields


You had 5 spell levels left.
You didn't know any spells.
Your spell library contained the following spells:

 Spells                   Type           Power      Damage    Failure   Level
 Blade Hands              Tmut           0%         N/A       100%        5
 Irradiate                Conj/Tmut      0%         3d13      100%        5
 Dragon Form              Tmut           0%         N/A       100%        7


Dungeon Overview and Level Annotations

Branches:
Dungeon (4/15)             Temple (1/1) D:4

Altars:
Dithmenos
Kikubaaqudgha
Nemelex Xobeh
Okawaru
Trog
Jiyva

Shops:
D:1 =


Innate Abilities, Weirdness & Mutations

You have large cloven feet.
You have a moderately thin skeletal structure. (Dex +4, Stealth++)


Message History

The white imp is severely wounded.
The white imp completely misses you.
You hit the white imp.
You kill the white imp!
y - a +6 ring of intelligence You start resting.
You hear a distant slurping noise. x2
HP restored.
A steam dragon comes into view.
The steam dragon hisses angrily.
You hear a distant slurping noise.
The steam dragon moves out of view.
A centaur comes into view.
The steam dragon breathes steam at you. The ball of steam hits you.
You are engulfed in a cloud of scalding steam.
The centaur is engulfed in a cloud of scalding steam.
The steam dragon breathes steam at you. The ball of steam hits you.
The centaur is engulfed in a cloud of scalding steam.
The centaur wields a +0 shortbow.
The centaur shoots an arrow.
The arrow hits you.
The centaur shoots an arrow.
The arrow hits you!
The centaur is engulfed in a cloud of scalding steam.
The centaur shoots an arrow.
You block the arrow.
The centaur shoots an arrow.
The arrow hits you.
The centaur shoots an arrow.
The arrow barely misses you.
The centaur shoots an arrow.
The arrow hits you.
The centaur shoots an arrow.
The arrow hits you but does no damage.
The centaur shoots an arrow.
You block the arrow.
The centaur shoots an arrow.
The arrow hits you.
The centaur shoots an arrow.
The arrow hits you!
The centaur shoots an arrow.
The arrow hits you.
* * * LOW HITPOINT WARNING * * *
A centaur comes into view.
The centaur shouts!
The centaur wields a +0 shortbow.
The centaur shoots an arrow.
The arrow hits you!
* * * LOW HITPOINT WARNING * * *
The centaur shoots an arrow.
You block the arrow.
The centaur shoots an arrow.
The arrow hits you!
You die...

+.... ##.##
#.##.#. #.##
##...### #.....
..# #.##.#....
#...# #.c..###.
#.##.####. #..##
+...####.####.##.#
## #.#.#
..c.....#.##.#
..##.#
c....c....##.# .#
#.# ##..#..####.#
#..# #.# #..####@#
#..c....#
##.###### #.# #..
###


You could see a centaur.

Vanquished Creatures
  2 scorpions (D:4)
  An orc priest (D:4)
  Jessica (D:2)
  Terence (D:3)
  2 orc wizards
  6 adders
  A white imp (D:6)
  An ufetubus (D:3)
  2 worms (D:3)
  3 dart slugs
  7 orcs
  6 ball pythons
  9 bats
  3 bat zombies (D:4)
  5 endoplasms
  8 giant cockroaches
  7 goblins
  5 hobgoblins
  4 kobolds
  4 quokkas
  5 frilled lizards
  5 rats
  A rat zombie (D:4)
89 creatures vanquished.

Vanquished Creatures (others)
  10 plants (D:4)
10 creatures vanquished.

Grand Total: 99 creatures vanquished

Notes
Turn   | Place    | Note
-------+----------+-------------------------------------------
     0 | D:1      | sylnyx the Demonspawn Fighter began the quest for the Orb.
     0 | D:1      | Reached XP level 1. HP: 18/18 MP: 1/1
   162 | D:1      | Found a faded altar of an unknown god.
   568 | D:1      | Gained mutation: You have large cloven feet. [demonic
                  | ancestry]
   568 | D:1      | Reached XP level 2. HP: 24/24 MP: 2/2
   690 | D:1      | Found Xoylyath's Jewellery Boutique.
   827 | D:1      | Reached skill level 1 in Long Blades
  1360 | D:2      | Gained mutation: You have a somewhat thin skeletal
                  | structure. (Dex +2, Stealth+) [demonic ancestry]
  1360 | D:2      | Reached XP level 3. HP: 29/29 MP: 3/3
  1865 | D:2      | Noticed Jessica
  1886 | D:2      | Killed Jessica
  1887 | D:2      | Reached XP level 4. HP: 35/35 MP: 4/4
  2100 | D:3      | Gained mutation: You have a moderately thin skeletal
                  | structure. (Dex +4, Stealth++) [demonic ancestry]
  2100 | D:3      | Reached XP level 5. HP: 31/41 MP: 5/5
  2235 | D:3      | Noticed Terence
  2264 | D:3      | Killed Terence
  3282 | D:4      | Found a sparkling altar of Nemelex Xobeh.
  3343 | D:4      | Reached XP level 6. HP: 29/48 MP: 6/6
  3604 | D:4      | Found a bloodstained altar of Trog.
  4185 | D:4      | Found a staircase to the Ecumenical Temple.
  4199 | Temple   | Entered the Ecumenical Temple
  4335 | Temple   | Became a worshipper of Jiyva Jookofur the Shapeless
  4454 | D:4      | Found an ancient bone altar of Kikubaaqudgha.
  4506 | D:4      | You fall into a shaft and drop 2 floors!
  4620 | D:6      | Noticed a steam dragon
  4650 | D:6      | Shot with an arrow by a centaur

Illustrated notes

Levels and vault maps discovered:
D:1:      elethiomel_arrival_infinity_welcomes_careful_drivers, layout_basic,
          serial_shops, shop, shapermc_ecumenical_altar_flowoftime,
          minmay_misc_feat_alley, kennysheep_nondescript
D:2:      layout_basic, dk_noncrumbling_4, uniq_jessica
D:3:      layout_loops_ring, eino_curves_02, minmay_statues_item, uniq_terence
D:4:      layout_basic, nemelex_diamond_rough_becter,
          lemuel_zombie_altar_kikubaaqudgha, bloody_trog, temple_fountains,
          serial_bayou_pond_a
D:6:      layout_loops_ring, mainiacjoe_overflow_24_doors,
          mainiacjoe_overflow_catwalk_spiral, worldfamousw_hep_ancestral_shrine
Temple:   pf_slime_end_temple

Skill      XL: |  1  2  3  4  5  6 |
---------------+-------------------+-----
Shields        | 3 4 |  4.0
Long Blades    | 1 2 3 4 |  4.0
Armour         | 3 |  3.3
Fighting       | 4 |  4.3
Short Blades   | |  1.7

Action                   |  1- 3 |  4- 6 || total
-------------------------+-------+-------++-------
Melee: Rapier            |   119 |   176 ||   295
       Kick              |    23 |    49 ||    72
  Use: Scroll            |       |     3 ||     3
Armor: Scale mail        |    47 |       ||    47
       Plate armour      |    10 |   120 ||   130
Dodge: Dodged            |    51 |    39 ||    90
Block: Buckler           |    31 |    40 ||    71

Table legend: (Time is in decaauts)
 A = Elapsed time spent in this place.
 B = Non-inter-level travel time spent in this place.
 C = Inter-level travel time spent in this place.
 D = Time resting spent in this place.
 E = Time spent auto-exploring this place.
 F = Levels seen in this place.
 G = Mean time per level.
                   A        B        C        D        E       F      G
               +--------+--------+--------+--------+--------+-----+--------+
         Total |   4684 |   4606 |     78 |   1457 |   1345 |   6 |  780.7 |
       Dungeon |   4535 |   4468 |     67 |   1347 |   1345 |   5 |  907.0 |
        Temple |    148 |    137 |     11 |    110 |      0 |   1 |  148.0 |
               +--------+--------+--------+--------+--------+-----+--------+

Top non-repeatable levels by time:
     D:1: 1306 daAuts
     D:4: 1142 daAuts
     D:3: 1141 daAuts
     D:2: 800 daAuts
  Temple: 148 daAuts
     D:6: 144 daAuts
